 Dungeon Crawl Stone Soup version 0.26-a0-1184-g95e395e029 (webtiles) character file.

Game seed: 10493739639864714507

119 tatocazan the Sneak (level 5, -7/32 HPs)
             Began as a Kobold Brigand on Dec 27, 2020.
             Mangled by a rust devil (10 damage)
             ... on level 1 of the Abyss.
             The game lasted 00:05:56 (3114 turns).

tatocazan the Sneak (Kobold Brigand)                Turns: 3114, Time: 00:05:56

Health: -7/32      AC:  0    Str:  9    XL:     5   Next: 24%
Magic:  0/5        EV: 15    Int: 12    God:
Gold:   131        SH:  0    Dex: 17    Spells: 4/4 levels left

rFire    . . .     SeeInvis .   a - +2 dagger
rCold    . . .     Faith    .   (shield restricted)
rNeg     . . .     Spirit   +   b - +0 robe
rPois    .         Reflect  .   f - +0 helmet
rElec    .         Harm     .   c - +0 cloak
rCorr    .         Rampage  .   (no gloves)
Will     .....                  (no boots)
Stlth    ++++......             m - amulet of guardian spirit
HPRegen  0.10/turn              (no ring)
MPRegen  0.09/turn              (no ring)

@: corroded
A: small, nightstalker 3
a: no special abilities


You were on level 1 of the Abyss.
You visited 1 branch of the dungeon, and saw 3 of its levels.
You visited the Abyss 1 time.

You collected 131 gold pieces.

Inventory:

Hand Weapons
 a - a +2 dagger (weapon)
Missiles
 d - 28 poisoned darts (quivered)
 e - 2 curare-tipped darts
Armour
 b - a +0 robe (worn)
 c - a +0 cloak (worn)
 f - a +0 helmet (worn)
Jewellery
 m - an amulet of guardian spirit (around neck)
 r - an uncursed ring of protection from fire {unknown}
Wands
 s - a wand of iceblast (6)
Scrolls
 g - a scroll of teleportation
 h - a scroll of magic mapping
 i - a scroll of remove curse
 j - a scroll of identify
 k - a scroll of fog {unknown}
 n - a scroll of amnesia {unknown}
 o - a scroll of immolation {unknown}
Potions
 l - a potion of curing {unknown}
 p - 3 potions of might {unknown}
 q - a potion of haste {unknown}


   Skills:
 + Level 2.9 Fighting
 * Level 4.3 Short Blades
 + Level 3.0 Throwing
 + Level 2.2 Dodging
 * Level 6.2 Stealth


You had 4 spell levels left.
You didn't know any spells.
Your spell library was empty.

Dungeon Overview and Level Annotations

Branches:
Dungeon (3/15)

Altars:
Makhleb
Qazlal
Ru


Innate Abilities, Weirdness & Mutations

You are small and have problems with some larger weapons.
You are completely attuned to the shadows.


Message History

The rust devil hits you. The rust devil corrodes you!
You take 4 damage, and have 13/32 hp.
You now have 3/5 mp.
The rust devil closely misses you.
Unknown command.
As you read the scroll labelled TOMANU EFUPS, it crumbles to dust.
You feel blessed for a moment.
It was a scroll of remove curse.
The fire bat closely misses you. The fire bat barely misses you.
The rust devil barely misses you.
As you read the scroll labelled IRREAG HEUSO, it crumbles to dust.
You feel momentarily disoriented.
It was a scroll of magic mapping.
The fire bat completely misses you. The rust devil misses you.
As you read the scroll labelled UJE VAPAICOAR, it crumbles to dust.
It is a scroll of identify.
g - a scroll of teleportation The fire bat bites you.
* * * LOW HITPOINT WARNING * * *
You are engulfed in flames!
* * * LOW HITPOINT WARNING * * *
The fire bat barely misses you. The rust devil hits you!
You die...

#..#..#.##.
#...#.... .
##. . ....
.#.#.......
#.....##.##..
....#.#.. .
#..#..#.#
#ยง4#..#.#
##@b#.###
#.######


You could see a rust devil and a fire bat.

Vanquished Creatures
  Robin (D:3)
  3 gnolls
  An adder (D:3)
  An ooze (D:1)
  A dart slug (D:3)
  2 leopard geckos (D:1)
  2 giant cockroaches
  10 goblins
  10 hobgoblins
  7 jackals
  3 kobolds
  3 quokkas
  A ball python (D:1)
  2 bats
  4 frilled lizards
  6 rats
57 creatures vanquished.

Notes
Turn   | Place    | Note
-------+----------+-------------------------------------------
     0 | D:1      | tatocazan the Kobold Brigand began the quest for the Orb.
     0 | D:1      | Reached XP level 1. HP: 12/12 MP: 1/1
   274 | D:1      | Reached XP level 2. HP: 16/17 MP: 2/2
   720 | D:1      | Reached XP level 3. HP: 17/22 MP: 3/3
  1524 | D:2      | You fall into a shaft and drop 1 floor!
  1560 | D:3      | Reached XP level 4. HP: 10/27 MP: 4/4
  1571 | D:3      | Noticed Robin
  1811 | D:3      | Killed Robin
  2096 | D:3      | Reached skill level 6 in Stealth
  2432 | D:3      | Found a stormy altar of Qazlal.
  2483 | D:3      | Reached XP level 5. HP: 31/32 MP: 5/5
  2511 | D:3      | Found a sacrificial altar of Ru.
  2512 | D:3      | Found a burning altar of Makhleb.
  3043 | D:3      | Cast into level 1 of the Abyss (gnoll)
  3082 | Abyss:1  | Noticed a smoke demon
  3097 | Abyss:1  | Noticed a fire bat
  3108 | Abyss:1  | Noticed a rust devil
  3114 | Abyss:1  | Mangled by a rust devil

Illustrated notes

Levels and vault maps discovered:
D:1:      dpeg_arrival_boxes_within_box, layout_basic
D:2:      layout_basic
D:3:      layout_loops_ring, grunt_qazlal_clouds, minitemple, minmay_distorted,
          uniq_robin
Abyss:1:  base: D:1, evilmike_abyss_exit_mutagenic

Skill      XL: |  1  2  3  4  5 |
---------------+----------------+-----
Short Blades   | 3 4 |  4.3
Dodging        | 2 |  2.2
Stealth        | 6 |  6.2
Throwing       | 3 |  3.0
Fighting       | |  2.9

Action                   |  1- 3 |  4- 6 || total
-------------------------+-------+-------++-------
Melee: Dagger            |    77 |   111 ||   188
Throw: Dart              |     1 |    10 ||    11
  Use: Potion            |     2 |       ||     2
       Scroll            |       |     3 ||     3
 Stab: Sleeping          |    12 |     4 ||    16
       Distracted        |     1 |     1 ||     2
Armor: Robe              |    15 |    15 ||    30
Dodge: Dodged            |    69 |    82 ||   151

Table legend: (Time is in decaauts)
 A = Elapsed time spent in this place.
 B = Non-inter-level travel time spent in this place.
 C = Inter-level travel time spent in this place.
 D = Time resting spent in this place.
 E = Time spent auto-exploring this place.
 F = Levels seen in this place.
 G = Mean time per level.
                   A        B        C        D        E       F      G
               +--------+--------+--------+--------+--------+-----+--------+
         Total |   3083 |   3026 |     57 |    731 |   1775 |   4 |  770.8 |
       Dungeon |   3013 |   2956 |     57 |    731 |   1775 |   3 | 1004.3 |
         Abyss |     70 |     70 |      0 |      0 |      0 |   1 |   70.0 |
               +--------+--------+--------+--------+--------+-----+--------+

Top non-repeatable levels by time:
     D:3: 1497 daAuts
     D:1: 909 daAuts
     D:2: 606 daAuts
 Abyss:1: 70 daAuts
